 Dungeon Crawl Stone Soup version 0.27-a0-124-g19cb506db8 (webtiles) character file.

Game seed: 11798886748260118691

142 knot the Chopper (level 5, 27/41 HPs)
             Began as a Demonspawn Berserker on Jan 26, 2021.
             Was a Believer of Trog.
             Quit the game on level 2 of the Dungeon.
             The game lasted 00:03:09 (2670 turns).

knot the Chopper (Demonspawn Berserker)             Turns: 2670, Time: 00:03:10

Health: 27/41      AC:  6    Str: 18    XL:     5   Next: 4%
Magic:  5/5        EV: 11    Int:  9    God:    Trog [**....]
Gold:   77         SH:  3    Dex: 12    Spells: 4/4 levels left

rFire    . . .     SeeInvis .   a - +0 hand axe
rCold    . . .     Faith    .   e - +0 buckler (curse)
rNeg     . . .     Spirit   .   j - -1 leather armour (curse)
rPois    .         Reflect  .   n - +0 helmet
rElec    .         Harm     .   (no cloak)
rCorr    .         Rampage  .   (no gloves)
Will     .....                  o - +0 pair of boots
Stlth    +.........             (no amulet)
HPRegen  0.13/turn              (no ring)
MPRegen  0.09/turn              (no ring)

@: mildly poisoned (27 -> 24)
A: claws 1, iridescent scales 1, powered by death 1
a: Renounce Religion, Berserk, Trog's Hand


You were on level 2 of the Dungeon.
You worshipped Trog.
Trog was pleased with you.
You visited 1 branch of the dungeon, and saw 2 of its levels.

You collected 77 gold pieces.

Inventory:

Hand Weapons
 a - a +0 hand axe (weapon)
Missiles
 c - 48 sling bullets
 g - 57 stones
 m - 7 boomerangs (quivered)
Armour
 e - a cursed +0 buckler (worn)
 j - a cursed -1 leather armour (worn)
 n - a +0 helmet (worn)
 o - a +0 pair of boots (worn)
Scrolls
 b - a scroll of magic mapping {unknown}
 d - a scroll of blinking {unknown}
 i - 2 scrolls of remove curse {unknown}
 k - 2 scrolls of identify {unknown}
Potions
 f - a potion of haste {unknown}
 h - a potion of lignification {unknown}
 l - a potion of brilliance {unknown}
 p - a potion of curing
 q - a potion of ambrosia {unknown}
 r - a potion of might {unknown}


   Skills:
 - Level 3.0 Fighting
 + Level 5.1 Axes
 + Level 1.0 Throwing
 - Level 1.7 Armour
 - Level 1.7 Dodging


You had 4 spell levels left.
You didn't know any spells.
Your spell library was empty.

Dungeon Overview and Level Annotations

Branches:
Dungeon (2/15)

Altars:
Nemelex Xobeh


Innate Abilities, Weirdness & Mutations

You have sharp fingernails.
You are partially covered in iridescent scales. (AC +2)
You regenerate a little health from kills.


Message History

The adder bites you. The adder bites you but does no damage.
You barely miss the adder.
The adder is moderately wounded.
The adder barely misses you.
You hit the adder.
The adder is severely wounded.
The adder bites you.
You are poisoned.
The adder poisons you!
You closely miss the adder.
The adder is severely wounded.
You feel sick. The adder bites you. x2
You hit the adder.
You kill the adder!
Trog accepts your kill.
Your Throwing skill increases to level 1!
You have reached level 5!
Your demonic ancestry asserts itself...
Iridescent scales grow over part of your body.
Are you sure you want to abandon this character and quit the game? (Confirm with "yes".)

##### ### .......#
##⌠.⌠##.# ##
#.._..#.# .
.⌠.⌠.#.# #.
#..#.#.#
#.##.##.##.#.#
#............####.#
.####..##...@†...#
# #. ####
#.####..###########
#... ..# #.......#
###.#.###.#
######.##
......##.## #.# ##
#.#.<##... ####.###
. (...#.........
#......#
.##..#.##.##.[.
#.##.#.#
<...........##
#.##.#.#
#...#...####


There were no monsters in sight!

Vanquished Creatures
  Jessica (D:2)
  Robin (D:2)
  A gnoll (D:1)
  3 adders (D:2)
  2 dart slugs (D:2)
  3 leopard geckos
  6 bats
  4 giant cockroaches
  13 goblins
  7 hobgoblins
  8 jackals
  A kobold (D:1)
  2 frilled lizards
  2 rats
54 creatures vanquished.

Vanquished Creatures (others)
  2 plants (D:1)
2 creatures vanquished.

Grand Total: 56 creatures vanquished

Notes
Turn   | Place    | Note
-------+----------+-------------------------------------------
     0 | D:1      | knot the Demonspawn Berserker began the quest for the Orb.
     0 | D:1      | Reached XP level 1. HP: 18/18 MP: 1/1
   219 | D:1      | Reached skill level 3 in Axes
   508 | D:1      | Gained mutation: You regenerate a little health from kills.
                  | [demonic ancestry]
   508 | D:1      | Reached XP level 2. HP: 14/24 MP: 2/2
  1266 | D:1      | Reached XP level 3. HP: 22/29 MP: 3/3
  1839 | D:2      | Reached skill level 4 in Axes
  2129 | D:2      | Reached ** piety under Trog
  2130 | D:2      | Gained mutation: You have sharp fingernails. [demonic
                  | ancestry]
  2130 | D:2      | Reached XP level 4. HP: 29/35 MP: 4/4
  2221 | D:2      | Noticed Robin
  2230 | D:2      | Killed Robin
  2506 | D:2      | Noticed Jessica
  2513 | D:2      | Killed Jessica
  2514 | D:2      | Reached skill level 5 in Axes
  2648 | D:2      | Found a sparkling altar of Nemelex Xobeh.
  2670 | D:2      | Reached skill level 1 in Throwing
  2670 | D:2      | Gained mutation: You are partially covered in iridescent
                  | scales. (AC +2) [demonic ancestry]
  2670 | D:2      | Reached XP level 5. HP: 27/41 MP: 5/5
  2670 | D:2      | Quit the game

Illustrated notes

Levels and vault maps discovered:
D:1:      dpeg_arrival_renting, layout_loops_corners, serial_bayou,
          serial_bayou_pond_d, serial_bayou_crossing, serial_bayou_lagoon_a,
          serial_bayou_pond_e
D:2:      layout_loops_cross, nemelex_xobeh_ov_fountains_minmay, uniq_jessica,
          uniq_robin

Skill      XL: |  1  2  3  4 |
---------------+-------------+-----
Axes           | 3 4 5 |  5.1
Throwing       | 1 |  1.0
Fighting       | |  3.0
Armour         | |  1.7
Dodging        | |  1.7

Action                   |  1- 3 |  4- 6 || total
-------------------------+-------+-------++-------
Melee: Hand axe          |   123 |    55 ||   178
Throw: Boomerang         |       |     3 ||     3
Invok: Berserk           |     4 |     2 ||     6
  Use: Potion            |     1 |       ||     1
 Stab: Sleeping          |     3 |       ||     3
Armor: Animal skin       |    12 |       ||    12
       Leather armour    |    13 |    10 ||    23
Dodge: Dodged            |    89 |    25 ||   114
Block: Buckler           |    13 |     4 ||    17

Table legend: (Time is in decaauts)
 A = Elapsed time spent in this place.
 B = Non-inter-level travel time spent in this place.
 C = Inter-level travel time spent in this place.
 D = Time resting spent in this place.
 E = Time spent auto-exploring this place.
 F = Levels seen in this place.
 G = Mean time per level.
                   A        B        C        D        E       F      G
               +--------+--------+--------+--------+--------+-----+--------+
         Total |   2768 |   2683 |     85 |    789 |   1471 |   2 | 1384.0 |
       Dungeon |   2768 |   2683 |     85 |    789 |   1471 |   2 | 1384.0 |
               +--------+--------+--------+--------+--------+-----+--------+

Top non-repeatable levels by time:
     D:1: 2051 daAuts
     D:2: 717 daAuts
